 Dungeon Crawl Stone Soup version 0.30-a0-923-g828ccac5a3 (console) character file.

Game seed: 13491120343726488419

16074 Ignak the Fighter (level 12, 0/122 HPs)
             Began as an Ogre Hedge Wizard on Mar 22, 2023.
             Was a High Priest of Okawaru.
             Slain by an orc warrior
             ... wielding a +0 glaive
             ... led by an orc warlord
              (16 damage)
             ... on level 2 of the Orcish Mines.
             The game lasted 00:48:18 (11746 turns).

Ignak the Fighter (Ogre Hedge Wizard)              Turns: 11746, Time: 00:48:21

Health: 0/122      AC: 11    Str: 19    XL:     12   Next: 33%
Magic:  21/24      EV: 16    Int: 17    God:    Okawaru [*****.]
Gold:   489        SH:  0    Dex:  8    Spells: 7/27 levels left

rFire   . . .      SeeInvis .    b - +4 broad axe (flame)
rCold   . . .      Faith    .    (no shield)
rNeg    . . .      Spirit   .    O - +2 robe "Ixim" {Regen+}
rPois   .          Reflect  .    t - +2 hat
rElec   .          Rampage  .    (no cloak)
rCorr   .                        (gloves unavailable)
Will    +....                    (boots unavailable)
Stlth   +                        x - amulet of regeneration
HPRegen 2.80/turn                j - +5 ring of evasion
MPRegen 0.19/turn                E - +4 ring of protection

@: wereblooded
A: large, unfitting armour, tough skin 1, regeneration 1, wild magic 1
a: Renounce Religion, Heroism, Finesse, Duel


You were on level 2 of the Orcish Mines.
You worshipped Okawaru.
Okawaru was extremely pleased with you.
You visited 3 branches of the dungeon, and saw 13 of its levels.
You also visited: Sewer.

You collected 1239 gold pieces.
You spent 750 gold pieces at shops.

Inventory:

Hand Weapons
 a - a +2 whip of venom
 b - a +4 broad axe of flaming (weapon)
 h - a +2 battleaxe of freezing
 G - a +3 whip of electrocution
 P - a +6 giant spiked club
 T - a +1 war axe of venom
Missiles
 g - 3 large rocks
 N - 33 poisoned darts (quivered)
 R - 3 throwing nets
Armour
 r - a +1 troll leather armour {Pargi}
 t - a +2 hat (worn)
 O - the +2 robe "Ixim" (worn) {Regen+}
   (Okawaru gifted it to you on level 1 of the Orcish Mines)

   Regen:     It increases your rate of health regeneration.
 U - a +0 kite shield
Magical Staves
 c - a staff of poison
Jewellery
 j - a +5 ring of evasion (left hand)
 x - an amulet of regeneration (around neck)
 B - a ring of resist corrosion
 E - a +4 ring of protection (right hand)
 I - a ring of see invisible
 M - a ring of poison resistance
Wands
 p - a wand of roots (6)
 q - a wand of digging (2)
 y - a wand of flame (7)
 K - a wand of mindburst (3)
Scrolls
 e - 6 scrolls of teleportation
 f - 4 scrolls of immolation
 s - a scroll of fog
 u - 2 scrolls of blinking
 v - a scroll of poison
 w - a scroll of magic mapping
 C - a scroll of fear {unknown}
 F - a scroll of silence
 L - a scroll of torment
 S - a scroll of amnesia
Potions
 d - 5 potions of magic
 i - 2 potions of resistance {unknown}
 k - 2 potions of brilliance
 l - 3 potions of lignification
 m - 3 potions of berserk rage
 n - a potion of might
 o - a potion of heal wounds
 z - 6 potions of curing
 A - 2 potions of haste
 D - 4 potions of flight
 H - 3 potions of cancellation
 J - a potion of mutation
 Q - a potion of attraction {unknown}


   Skills:
 + Level 8.3 Fighting
 + Level 6.1 Axes
 - Level 4.0 Armour
 + Level 6.0 Dodging
 - Level 1.4 Stealth
 * Level 0.0 Shields
 + Level 8.0 Spellcasting
 + Level 5.0 Conjurations
 - Level 3.0 Hexes
 - Level 0.8 Summonings
 - Level 3.0 Translocations
 - Level 3.0 Transmutations
 + Level 6.7 Fire Magic
 - Level 7.0 Air Magic
 - Level 2.0 Poison Magic
 + Level 4.6 Invocations


You had 7 spell levels left.
You knew the following spells:

 Your Spells              Type           Power      Damage    Failure   Level
a - Magic Dart            Conj           100%       1d8       2%          1
b - Blink                 Tloc           44%        N/A       8%          2
c - Tukima's Dance        Hex            22%        N/A       13%         3
d - Mephitic Cloud        Conj/Pois/Air  29%        N/A       8%          3
e - Sticky Flame          Conj/Fire      35%        2d5       13%         4
f - Plasma Beam           Fire/Air       19%        2x1d34    24%         5
z - Wereblood             Tmut           22%        N/A       8%          2

Your spell library contained the following spells:

 Spells                   Type           Power      Damage    Failure   Level
 Static Discharge         Conj/Air       70%        2-5/arc   2%          2
 Beastly Appendage        Tmut           44%        N/A       5%          1
 Slow                     Hex            88%        N/A       5%          1
 Vhi's Electric Charge    Tloc/Air       62%        N/A       7%          3
 Cigotuvi's Dreadful Rot  Necr/Pois/Air  44%        N/A       8%          2
 Ignite Poison            Fire/Tmut/Pois 26%        N/A       10%         3
 Airstrike                Air            19%        2d(3-19)  10%         4
 Portal Projectile        Hex/Tloc       44%        N/A       13%         3
 Spider Form              Tmut/Pois      19%        N/A       16%         3
 Arcjolt                  Conj/Air       17%        1d27      32%         5
 Blade Hands              Tmut           11%        N/A       71%         5
 Yara's Violent Unravell  Hex/Tmut       11%        3d6       71%         5
 Enfeeble                 Hex            11%        N/A       100%        7
 Ignition                 Fire           19%        3d7       100%        8
 Call Imp                 Summ           Unusable   N/A       N/A         2
 Summon Lightning Spire   Summ/Air       Unusable   N/A       N/A         4

Dungeon Overview and Level Annotations

Branches:
Dungeon (10/15)            Temple (1/1) D:7            Lair (0/5) D:10
    Orc (2/2) D:10            Elf (0/3) Orc:2         Sewer (visited)

Altars:
Ashenzari
Cheibriados
Dithmenos
Elyvilon
Fedhas
Gozag
Hepliaklqana
Kikubaaqudgha
Makhleb
Okawaru
Qazlal
Ru
Sif Muna
Trog
Uskayaw
Vehumet
Xom
Yredelemnul
Zin
The Shining One

Shops:
D:6 *   Orc:2 =


Innate Abilities, Weirdness & Mutations

You are too large for most types of armour.
You have tough skin. (AC +1)
Your natural rate of healing is unusually fast.
Your spells are a little harder to cast, but a little more powerful.


Message History

The orc priest mumbles some strange prayers to Beogh against you.
Beogh smites you!
The orc warrior hits you from afar with a +0 trident!
The orc warrior hits you with a +0 glaive!
* * * LOW HITPOINT WARNING * * *
Press: ? - help, v - describe, . - travel
Here: an orc warrior, wielding a +0 glaive and wearing a +0 chain mail (almost dead)
The floor, spattered with blood.
Casting: Wereblood (safe; 8% risk of failure)
Confirm with . or Enter, or press ? or * to list all spells.
Aiming: Mephitic Cloud (mildly dangerous; 8% risk of failure)
Press: ? - help, Shift-Dir - straight line The ball explodes into a vile cloud!
The stinking cloud engulfs the orc warrior but does no damage.
The orc warrior is almost dead.
The stinking cloud engulfs the orc warrior but does no damage.
You hear a shout!
The orc priest begins to cast a cantrip, but forgets the words!
The orc warrior is engulfed in noxious fumes.
The orc warrior appears confused.
The orc warrior hits you with a +0 glaive!
* * * LOW HITPOINT WARNING * * *
Unknown command.
Really walk into that cloud of noxious fumes?
Okay, then.
The orc warrior is engulfed in noxious fumes.
The orc warrior appears confused.
The orc warrior hits you from afar with a +0 glaive!
* * * LOW HITPOINT WARNING * * *
You see here a +0 flail.
The orc warrior is engulfed in noxious fumes.
The orc warrior appears confused.
The orc warrior misses you.
There is a stone staircase leading up, spattered with blood here.
The orc priest calls down the wrath of Beogh upon you.
Beogh smites you!
* * * LOW HITPOINT WARNING * * *
The orc warrior is engulfed in noxious fumes.
The orc warrior appears confused.
The orc warrior hits you from afar with a +0 glaive!
You die...

o......
##......................
$.#.....#...............
...............$........
..#.#......o............
..##....................
.##..........○..........
...#..........○°........
..............o○@.......
..............o)........
........................
........................
........................
##.......................
##........................
#..........).....$........
##.........................


You could see 2 orc warriors and an orc priest.

Vanquished Creatures
  An orc warlord (Orc:1)
  Harold (D:10)
  Erolcha (D:9)
  2 two-headed ogres
  An orc high priest (Orc:1)
  2 orc knights (Orc:1)
  An oklob plant (Orc:1)
  An orc sorcerer (Orc:1)
  A cyclops (D:9)
  A komodo dragon (D:10)
  2 kobold demonologists (D:9)
  2 hornets
  2 trolls (Orc:1)
  2 wyverns
  18 yaks
  Menkaure (D:7)
  2 steam dragons
  An acid dragon (D:9)
  A warg (Orc:1)
  2 water moccasins
  15 orc warriors
  2 sky beasts
  3 ogres
  A centaur (D:9)
  2 kobold brigands
  2 phantoms
  2 bullfrogs
  2 gnoll sergeants
  7 scorpions
  A water moccasin zombie (D:5)
  7 killer bees
  2 howler monkeys
  A bullfrog zombie (D:5)
  2 hounds
  8 orc priests
  2 sleepcaps
  A centaur skeleton (D:5)
  8 orc wizards
  A hound zombie (D:5)
  Robin (D:2)
  10 gnolls
  2 adders
  A shadow imp (D:7)
  An ufetubus (D:6)
  A worm (D:2)
  3 dart slugs
  49 orcs
  11 ball pythons
  7 endoplasms
  6 giant cockroaches
  12 goblins
  5 hobgoblins
  5 jackals
  11 bats
  A frilled lizard (Sewer)
  23 kobolds
  9 rats
  4 butterflies (D:5)
276 creatures vanquished.

Vanquished Creatures (collateral kills)
  A water moccasin (D:4)
  Pargi (Sewer)
  An ogre (D:4)
  3 scorpions (D:5)
  5 killer bees (D:9)
  A howler monkey (D:4)
  A bullfrog zombie (D:5)
  A howler monkey skeleton (D:5)
  4 gnolls
  4 adders
  An adder skeleton (D:5)
  2 worms
  4 orcs (D:3)
  3 bats
  A giant cockroach (D:1)
  7 goblins
  3 hobgoblins
  3 ball pythons
  A butterfly (D:5)
47 creatures vanquished.

Vanquished Creatures (others)
  An orc wizard (Orc:1)
  5 plants
6 creatures vanquished.

Grand Total: 329 creatures vanquished

Notes
Turn   | Place    | Note
-------+----------+-------------------------------------------
     0 | D:1      | Ignak the Ogre Hedge Wizard began the quest for the Orb.
     0 | D:1      | Reached XP level 1. HP: 16/16 MP: 5/5
    94 | D:1      | Reached skill level 1 in Conjurations
    94 | D:1      | Reached skill level 1 in Translocations
   150 | D:1      | Reached XP level 2. HP: 9/26 MP: 0/6
   153 | D:1      | Learned a level 2 spell: Blink
   156 | D:1      | Learned a level 2 spell: Call Imp
   250 | D:1      | Reached skill level 1 in Fighting
   682 | D:1      | Reached XP level 3. HP: 31/33 MP: 5/8
  1185 | D:1      | Learned a level 3 spell: Mephitic Cloud
  1388 | D:2      | Found a faded altar of an unknown god.
  1672 | D:2      | Reached XP level 4. HP: 32/41 MP: 8/10
  2315 | D:3      | Noticed Robin
  2331 | D:2      | Killed Robin
  2540 | D:3      | Reached XP level 5. HP: 47/49 MP: 11/11
  2586 | D:3      | Found a glowing golden altar of the Shining One.
  2714 | D:3      | Reached skill level 1 in Axes
  2951 | D:3      | Reached skill level 1 in Poison Magic
  2958 | D:3      | Found a glowing drain.
  2969 | Sewer    | Entered a sewer
  3009 | Sewer    | Reached skill level 1 in Air Magic
  3046 | Sewer    | Noticed Pargi
  3054 | Sewer    | Killed Pargi
  3055 | Sewer    | Reached XP level 6. HP: 41/59 MP: 9/12
  3970 | D:4      | Learned a level 3 spell: Tukima's Dance
  3993 | D:4      | Found an opulent altar of Gozag.
  4028 | D:4      | Reached skill level 1 in Armour
  4028 | D:4      | Reached XP level 7. HP: 32/66 MP: 7/13
  4060 | D:5      | Entered Level 5 of the Dungeon
  4207 | D:4      | Reached skill level 1 in Hexes
  4822 | D:5      | Found a runed translucent door.
  4826 | D:5      | Found a runed translucent door.
  4914 | D:4      | Reached skill level 5 in Spellcasting
  4914 | D:4      | Reached XP level 8. HP: 42/75 MP: 3/15
  6231 | D:6      | Learned a level 5 spell: Plasma Beam
  6358 | D:6      | Reached XP level 9. HP: 85/85 MP: 14/17
  6362 | D:6      | Reached skill level 1 in Fire Magic
  6509 | D:6      | Identified the +1 robe of Asoul {rPois rF- Int+4 SInv}
  6524 | D:6      | Found Feomir's General Store.
  6550 | D:6      | Bought a book of Changes for 270 gold pieces
  6553 | D:6      | Learned a level 2 spell: Wereblood
  6983 | D:7      | Noticed Menkaure
  7039 | D:7      | Killed Menkaure
  7040 | D:7      | Reached skill level 5 in Fighting
  7080 | D:7      | Found a staircase to the Ecumenical Temple.
  7256 | D:7      | Gained mutation: Your spells are a little harder to cast,
                  | but a little more powerful. [potion of mutation]
  7256 | D:7      | Gained mutation: Your natural rate of healing is unusually
                  | fast. [potion of mutation]
  7457 | Temple   | Entered the Ecumenical Temple
  7522 | Temple   | Became a worshipper of Warmaster Okawaru
  7597 | D:8      | Noticed a hornet
  7616 | D:8      | Killed a hornet
  7936 | D:8      | Learned a level 4 spell: Sticky Flame
  8005 | D:8      | Reached * piety under Okawaru
  8006 | D:8      | Reached XP level 10. HP: 63/98 MP: 14/19
  8109 | D:9      | Reached skill level 1 in Invocations
  8337 | D:9      | Noticed a cyclops
  8357 | D:9      | Noticed a kobold demonologist
  8364 | D:9      | Noticed a kobold demonologist
  8368 | D:9      | Killed a cyclops
  8368 | D:9      | Reached ** piety under Okawaru
  8369 | D:9      | Reached skill level 1 in Transmutations
  8407 | D:9      | Killed a kobold demonologist
  8408 | D:9      | Noticed a sun demon
  8422 | D:9      | Killed a kobold demonologist
  8430 | D:9      | Reached skill level 5 in Air Magic
  8568 | D:9      | Reached *** piety under Okawaru
  8569 | D:9      | Reached skill level 5 in Dodging
  8721 | D:9      | Identified the +7 rapier "Tuocye" {heavy, Dex+5}
  8800 | D:9      | Reached XP level 11. HP: 107/107 MP: 18/21
  8865 | D:9      | Noticed Erolcha
  8887 | D:9      | Killed Erolcha
  8888 | D:9      | Reached skill level 5 in Axes
  8888 | D:9      | Reached skill level 5 in Fire Magic
  9107 | D:9      | Reached **** piety under Okawaru
  9341 | D:10     | Entered Level 10 of the Dungeon
  9366 | D:10     | Found a staircase to the Lair.
  9529 | D:10     | Noticed Harold
  9595 | D:10     | Killed Harold
  9783 | D:10     | Found a staircase to the Orcish Mines.
 10083 | D:10     | Noticed a two-headed ogre
 10092 | D:10     | Killed a two-headed ogre
 10416 | Orc:1    | Entered Level 1 of the Orcish Mines
 10564 | Orc:1    | Noticed an oklob plant
 10737 | Orc:1    | Noticed an orc knight
 10766 | Orc:1    | Killed an orc knight
 10798 | Orc:1    | Reached ***** piety under Okawaru
 11004 | Orc:1    | Killed an oklob plant
 11089 | Orc:1    | Noticed an orc high priest
 11089 | Orc:1    | Noticed a two-headed ogre
 11108 | Orc:1    | Noticed a sixfirhy
 11118 | Orc:1    | Killed an orc high priest
 11119 | Orc:1    | Reached XP level 12. HP: 97/119 MP: 12/23
 11119 | Orc:1    | Killed a two-headed ogre
 11200 | Orc:2    | Entered Level 2 of the Orcish Mines
 11282 | Orc:2    | Found Koog's Jewellery Emporium.
 11327 | Orc:2    | Bought an amulet of regeneration for 480 gold pieces
 11374 | Orc:2    | Found a staircase to the Elven Halls.
 11417 | Orc:2    | Noticed an orc warlord
 11440 | Orc:2    | Noticed a sun demon
 11474 | Orc:1    | Paralysed by an orc sorcerer for 4 turns
 11484 | Orc:1    | Reached skill level 5 in Conjurations
 11575 | Orc:1    | Killed an orc warlord
 11575 | Orc:1    | Identified the +2 robe "Ixim" {Regen+} (Okawaru gifted it
                  | to you on level 1 of the Orcish Mines)
 11575 | Orc:1    | Received a gift from Okawaru
 11746 | Orc:2    | Slain by an orc warrior

Illustrated notes

Levels and vault maps discovered:
D:1:      tarquinn_simple_flora_water_a, layout_basic, minmay_pentomino_r4
D:2:      kb_forest_paths, layout_loops_ring, ebering_ecumenical_altar_webs
D:3:      layout_loops_ring, marbit_many_paths, cheibrodos_sewer_entry_sluice,
          st_stairs_11, minmay_misc_feat_room, uniq_robin
D:4:      layout_cave_pools, lemuel_crystal_altar, bh_walls_and_bars
D:5:      lemuel_insect_pit, layout_layer_cave, serial_undead, serial_undead_e,
          serial_undead_f, serial_undead_f, serial_undead_b
D:6:      layout_gridville, serial_shops, kennysheep_little_box,
          kennysheep_decorative_pillar
D:7:      layout_rooms, minmay_temple_entry_mist, uniq_menkaure
D:8:      layout_rooms, kennysheep_generic_room_6
D:9:      layout_long_grid, kennysheep_opposing_triangles, uniq_erolcha
D:10:     layout_gridville, dpeg_oklobed_lair, david_orc_5, uniq_harold
Temple:   nicolae_temple_bog_church
Orc:1:    layout_diamond_mine, mines3_lemuel
Orc:2:    pf_orc_diabolical, layout_caves, serial_shops,
          nicolae_shop_advertising_works [nicolae_subvault_shop_adworks]

Skill      XL: |  1  2  3  4  5  6  7  8  9 10 11 12 |
---------------+-------------------------------------+-----
Conjurations   | 1 2 3 4 5 |  5.0
Translocations | 1 2 3 |  3.0
Fighting       | 1 2 3 4 5 6 7 8 |  8.3
Dodging        | 2 3 4 5 6 |  6.0
Spellcasting   | 4 5 6 7 8 |  8.0
Axes           | 1 2 3 4 5 6 |  6.1
Poison Magic   | 1 2 |  2.0
Air Magic      | 1 2 4 5 6 7 |  7.0
Armour         | 1 3 4 |  4.0
Hexes          | 1 3 |  3.0
Fire Magic     | 3 4 6 |  6.7
Invocations    | 2 4 |  4.6
Transmutations | 2 3 |  3.0
Stealth        | |  1.4
Summonings     | |  0.8

Action                     |  1- 3 |  4- 6 |  7- 9 | 10-12 || total
---------------------------+-------+-------+-------+-------++-------
  Melee: Dagger            |    85 |       |       |       ||    85
         Club              |    67 |    52 |       |       ||   119
         Whip              |       |    83 |   245 |   239 ||   567
         Punch             |       |     2 |     5 |    10 ||    17
         Hand axe          |       |   152 |   111 |       ||   263
         Staff             |       |       |    74 |    72 ||   146
         Broad axe         |       |       |       |   157 ||   157
  Throw: Large rock        |       |       |       |    10 ||    10
         Dart              |       |       |       |     7 ||     7
   Cast: Magic Dart        |    10 |     1 |       |       ||    11
         Call Imp          |    10 |    23 |    21 |       ||    54
         Mephitic Cloud    |       |     4 |    13 |    39 ||    56
         Blink             |       |     1 |     7 |     9 ||    17
         Sticky Flame      |       |       |       |     7 ||     7
         Wereblood         |       |       |       |    16 ||    16
         Plasma Beam       |       |       |       |     4 ||     4
 Invoke: Heroism           |       |       |       |     2 ||     2
  Evoke: Wand              |       |       |     5 |     5 ||    10
    Use: Scroll            |       |    10 |    10 |     8 ||    28
         Potion            |       |     3 |     3 |     1 ||     7
   Stab: Sleeping          |     2 |     2 |       |       ||     4
         Distracted        |       |       |     1 |       ||     1
         Confused          |       |       |     8 |    19 ||    27
 Armour: Robe              |    59 |    65 |       |       ||   124
         Troll leather arm |       |    32 |   127 |   147 ||   306
         Skin              |       |     4 |       |       ||     4
  Dodge: Dodged            |   116 |   351 |   349 |   451 ||  1267

Table legend: (Time is in decaauts)
 A = Elapsed time spent in this place.
 B = Non-inter-level travel time spent in this place.
 C = Inter-level travel time spent in this place.
 D = Time resting spent in this place.
 E = Time spent auto-exploring this place.
 F = Levels seen in this place.
 G = Mean time per level.
                   A        B        C        D        E       F      G
               +--------+--------+--------+--------+--------+-----+--------+
         Total |  11915 |  11660 |    255 |   1112 |   5617 |  14 |  851.1 |
       Dungeon |  10225 |   9987 |    238 |    953 |   5206 |  10 | 1022.5 |
        Temple |     80 |     65 |     15 |      0 |     20 |   1 |   80.0 |
  Orcish Mines |   1373 |   1373 |      0 |    129 |    391 |   2 |  686.5 |
         Sewer |    236 |    236 |      0 |     30 |      0 |   1 |  236.0 |
               +--------+--------+--------+--------+--------+-----+--------+

Top non-repeatable levels by time:
     D:5: 1460 daAuts
     D:2: 1450 daAuts
     D:9: 1303 daAuts
     D:1: 1207 daAuts
   Orc:1: 1149 daAuts
    D:10: 1082 daAuts
     D:4: 1027 daAuts
     D:3: 944 daAuts
     D:6: 757 daAuts
     D:7: 513 daAuts
     D:8: 477 daAuts
   Sewer: 236 daAuts
   Orc:2: 223 daAuts
  Temple: 80 daAuts
